 Dungeon Crawl Stone Soup version 0.31-a0-210-gccc998df9b (webtiles) character file.

Game seed: 7590594442427118008

2780 Anon1729 the Unbeliever (level 9, -6/69 HPs)
             Began as a Demonspawn Gladiator on June 29, 2023.
             Shot with a sling bullet by Joseph (17 damage)
             ... on level 7 of the Dungeon.
             The game lasted 00:07:17 (10316 turns).

Anon1729 the Unbeliever (Demonspawn Gladiator)     Turns: 10316, Time: 00:07:18

Health: -6/69      AC:  8    Str: 14    XL:     9   Next: 43%
Magic:  14/14      EV: 15    Int: 10    God:
Gold:   138        SH:  0    Dex: 19    Spells: 8/8 levels left

rFire   . . .        a - +0 rapier
rCold   . . .        (no shield)
rNeg    . . .        b - +0 leather armour
rPois   +            c - +0 helmet
rElec   .            u - +1 cloak {Will+}
rCorr   .            t - +0 pair of gloves
SInv    .            (no boots)
Will    +....        g - amulet of the acrobat
Stlth   +            h - ring of poison resistance
HPRegen 0.31/turn    k - ring of flight
MPRegen 0.14/turn

%: acrobat
@: mighty, flying
A: hooves 1, powered by death 1, demonic magic 2
a: no special abilities


You were on level 7 of the Dungeon.
You visited 1 branch of the dungeon, and saw 7 of its levels.

You collected 331 gold pieces.
You spent 193 gold pieces at shops.

Inventory:

Hand Weapons
 a - a +0 rapier (weapon)
Missiles
 d - 4 throwing nets (quivered)
 e - a javelin
 m - 6 silver javelins
 s - 4 poisoned darts
Armour
 b - a +0 leather armour (worn)
 c - a +0 helmet (worn)
 t - a +0 pair of gloves (worn)
 u - a +1 cloak of willpower (worn)
 G - a +2 ring mail of fire resistance
Jewellery
 g - an amulet of the acrobat (around neck)
 h - a ring of poison resistance (left hand)
 k - a ring of flight (right hand)
 q - a ring of fire
Wands
 y - a wand of flame (47)
 z - a wand of polymorph (3)
 C - a wand of quicksilver (2)
Scrolls
 f - a scroll of brand weapon {unknown}
 i - 2 scrolls of revelation {unknown}
 j - a scroll of fog {unknown}
 l - 10 scrolls of identify {unknown}
 p - a scroll of enchant armour {unknown}
 r - a scroll of teleportation {unknown}
 x - a scroll of torment {unknown}
 A - 3 scrolls of fear
 B - 4 scrolls of poison {unknown}
 D - 3 scrolls of blinking {unknown}
 E - a scroll of enchant weapon {unknown}
Potions
 n - a potion of haste {unknown}
 o - 2 potions of brilliance
 v - a potion of enlightenment
 F - a potion of magic


   Skills:
 + Level 6.1 Fighting
 + Level 6.0 Short Blades
 - Level 1.7 Throwing
 + Level 5.1 Armour
 + Level 5.9 Dodging
 + Level 7.4 Invocations


You had 8 spell levels left.
You didn't know any spells.
Your spell library contained the following spells:

 Spells                   Type           Power      Damage    Failure   Level
 Gell's Gravitas          Tloc           0%         N/A       80%         3
 Teleport Other           Tloc           0%         N/A       80%         3
 Vhi's Electric Charge    Tloc/Air       0%         N/A       80%         3
 Volatile Blastmotes      Fire/Tloc      0%         2d10      80%         3
 Fulminant Prism          Conj/Hex       0%         3d5       99%         4
 Iskenderun's Mystic Bla  Conj/Tloc      0%         2d3       99%         4
 Arcjolt                  Conj/Air       0%         1d10      100%        5
 Lee's Rapid Deconstruct  Erth           0%         3d4*      100%        5
 Dispersal                Tloc           0%         N/A       100%        6
 Maxwell's Capacitive Co  Air            0%         ∞         100%        8


Dungeon Overview and Level Annotations

Branches:
Dungeon (7/15)             Temple (0/1) D:7

Altars:
Makhleb
Ru
Sif Muna
Trog
Uskayaw
Yredelemnul

Shops:
D:4 !=?!   D:5 *

Annotations:
D:7 Joseph


Innate Abilities, Weirdness & Mutations

You have large cloven feet.
You regenerate a little health from kills.
Spells you cast may paralyse nearby enemies.


Message History

You are too injured to fight recklessly!
You are too injured to fight recklessly!
You are too injured to fight recklessly!
You are too injured to fight recklessly!
You are too injured to fight recklessly!
You are too injured to fight recklessly!
You are too injured to fight recklessly!
You are too injured to fight recklessly!
You are too injured to fight recklessly!
You are too injured to fight recklessly!
You are too injured to fight recklessly!
You are too injured to fight recklessly!
You are too injured to fight recklessly!
You are too injured to fight recklessly!
You are too injured to fight recklessly!
You are too injured to fight recklessly!
You are too injured to fight recklessly!
Okay, then.
Unknown command.
Joseph attacks as you move away! Joseph completely misses you.
Joseph unwields a +0 spectral quarterstaff.
The +0 spectral quarterstaff disappears.
Joseph wields a +0 sling.
Joseph shoots a sling bullet.
The sling bullet hits you!
* * * LOW HITPOINT WARNING * * *
Aiming: Polymorph
Press: ? - help, Shift-Dir - straight line, f - Joseph
Aim: Joseph, wielding a +0 sling and wearing a +0 ring mail (moderately wounded, will become a raiju, a basilisk, or a water moccasin, chance to affect: 31%) Joseph easily resists.
Joseph shoots a sling bullet.
The sling bullet barely misses you.
Aiming: Polymorph
Press: ? - help, Shift-Dir - straight line, f/p - Joseph
Aim: Joseph, wielding a +0 sling and wearing a +0 ring mail (moderately wounded, will become a raiju, a basilisk, or a water moccasin, chance to affect: 31%) Joseph easily resists.
Joseph shoots a sling bullet.
The sling bullet hits you!
* * * LOW HITPOINT WARNING * * *
You feel better.
Joseph shoots a sling bullet.
The sling bullet closely misses you.
You feel very mighty all of a sudden.
Joseph shoots a sling bullet.
The sling bullet hits you!
You die...

♣♣♣ .....#.....##
♣>♣♣
###.........#
♣..♣
..#.........##
♣♣.♣♣
.(#._........###
♣♣.♣
.(#............##
♣.♣
###.............#
♣.♣♣
........##...##.#
♣♣.♣ #@.@......#
♣.♣ ####...##.#
♣.♣♣♣ ##.....#
♣♣..♣ #...#.#
♣♣.♣ ##..#.# ♣..
#####...# ♣♣.
##.......# ♣♣♣.
##......<.#
♣♣♣♣)..
..........#
♣♣.♣.♣.♣


You could see Joseph.

Vanquished Creatures
  Sigmund (D:6)
  A water moccasin (D:6)
  An orc warrior (D:6)
  An ice beast (D:7)
  3 black bears
  4 ogres
  A phantom (D:7)
  A bullfrog (D:6)
  A gnoll sergeant (D:6)
  5 scorpions
  A wight (D:7)
  A crimson imp (D:4)
  6 hounds
  3 jellies
  Crazy Yiuf (D:6)
  A gnoll bouda (D:4)
  4 orc priests
  4 sleepcaps
  Jessica (D:2)
  6 iguanas
  Natasha (thrice) (D:3)
  17 gnolls
  9 adders
  A white imp (D:4)
  An ufetubus (D:4)
  A worm (D:2)
  5 dart slugs
  16 orcs
  8 endoplasms
  4 giant cockroaches
  5 hobgoblins
  3 jackals (D:1)
  5 quokkas
  5 ball pythons
  3 bats
  4 frilled lizards
  9 goblins
  8 kobolds
  8 rats
162 creatures vanquished.

Vanquished Creatures (others)
  An orc (D:5)
1 creature vanquished.

Grand Total: 163 creatures vanquished

Notes
Turn   | Place    | Note
-------+----------+-------------------------------------------
     0 | D:1      | Anon1729 the Demonspawn Gladiator began the quest for the
                  | Orb.
     0 | D:1      | Reached XP level 1. HP: 16/16 MP: 1/1
   185 | D:1      | Gained mutation: Spells you cast may paralyse adjacent
                  | enemies. [demonic ancestry]
   185 | D:1      | Reached XP level 2. HP: 20/22 MP: 2/2
   392 | D:1      | Reached skill level 1 in Invocations
  1014 | D:2      | Found a faded altar of an unknown god.
  1123 | D:2      | Gained mutation: You regenerate a little health from kills.
                  | [demonic ancestry]
  1123 | D:2      | Reached XP level 3. HP: 20/28 MP: 2/4
  1300 | D:2      | Reached skill level 1 in Armour
  1491 | D:2      | Noticed Jessica
  1498 | D:2      | Killed Jessica
  1499 | D:2      | Reached skill level 2 in Invocations
  1499 | D:2      | Reached XP level 4. HP: 34/34 MP: 5/5
  2116 | D:3      | Found a sacrificial altar of Ru.
  2116 | D:3      | Noticed Natasha
  2127 | D:3      | Killed Natasha
  2189 | D:3      | Found a shimmering blue altar of Sif Muna.
  2202 | D:3      | Reached XP level 5. HP: 37/40 MP: 6/6
  2218 | D:3      | Noticed Natasha
  2242 | D:3      | HP: 1/40 [cerulean imp/+2 spear[Natasha] (7)]
  2406 | D:3      | Found a bloodstained altar of Trog.
  2413 | D:3      | Killed Natasha
  2460 | D:3      | Noticed Natasha
  2468 | D:3      | Killed Natasha
  2697 | D:3      | Reached skill level 3 in Invocations
  2887 | D:4      | Noticed a black bear
  2898 | D:4      | Killed a black bear
  2899 | D:4      | Gained mutation: You have large cloven feet. [demonic
                  | ancestry]
  2899 | D:4      | Reached XP level 6. HP: 19/47 MP: 8/8
  3326 | D:4      | Found Taruxzu's Jewellery Shop.
  3350 | D:4      | Found Feqaqael's Distillery.
  3372 | D:4      | Bought a potion of curing for 33 gold pieces
  3372 | D:4      | Bought a potion of enlightenment for 55 gold pieces
  3372 | D:4      | Bought a potion of degeneration for 11 gold pieces
  3809 | D:4      | Found Eruafug's Distillery.
  3821 | D:4      | Bought a potion of heal wounds for 50 gold pieces
  4056 | D:4      | Found Joajuida's Magic Scroll Shoppe.
  4099 | D:4      | Bought a scroll of fear for 44 gold pieces
  4268 | D:4      | Reached XP level 7. HP: 46/53 MP: 9/9
  4561 | D:4      | Reached skill level 4 in Invocations
  4774 | D:4      | Found a burning altar of Makhleb.
  5237 | D:5      | Entered Level 5 of the Dungeon
  6183 | D:5      | Found Zodisch's Neck Hole.
  6403 | D:5      | Reached skill level 5 in Invocations
  6430 | D:5      | Gained mutation: Spells you cast may paralyse nearby
                  | enemies. [demonic ancestry]
  6430 | D:5      | Reached XP level 8. HP: 9/61 MP: 11/11
  6435 | D:5      | HP: 4/91 [poisoned by a scorpion]
  7169 | D:6      | Found a basalt altar of Yredelemnul.
  7240 | D:6      | Noticed Sigmund
  7267 | D:6      | Killed Sigmund
  7428 | D:6      | Reached skill level 5 in Short Blades
  7642 | D:6      | Reached skill level 5 in Fighting
  7642 | D:6      | Reached skill level 5 in Dodging
  7645 | D:6      | Reached skill level 6 in Invocations
  8167 | D:6      | Reached XP level 9. HP: 67/68 MP: 13/13
  8370 | D:6      | Found a runed translucent door.
  8370 | D:6      | Noticed Crazy Yiuf
  9312 | D:6      | Killed Crazy Yiuf
  9578 | D:7      | Reached skill level 7 in Invocations
  9837 | D:7      | Found a staircase to the Ecumenical Temple.
  9897 | D:7      | Reached skill level 5 in Armour
 10300 | D:7      | Found a hide-covered altar of Uskayaw.
 10300 | D:7      | Noticed Joseph
 10303 | D:7      | Noticed a +0 dagger
 10303 | D:7      | Noticed a +0 dagger
 10314 | D:7      | HP: 3/69 [Joseph/sling bullet (11)]
 10316 | D:7      | Shot with a sling bullet by Joseph

Illustrated notes

Levels and vault maps discovered:
D:1:      matt_arrival_los_fun, layout_basic
D:2:      layout_loops_ring, dreamdust_ecumenical_altar_statues, minmay_cupped,
          uniq_jessica
D:3:      layout_basic, mainiacjoe_overflow_24_doors,
          mainiacjoe_overflow_tiny_flanked, mainiacjoe_overflow_chevrons,
          uniq_natasha
D:4:      layout_layer_cave, amcnicky_altar_gilded, lemuel_crystal_altar,
          serial_shops, nicolae_shop_industrial_runoff,
          nicolae_shop_statue_plus, shop, nicolae_lakefront_shop,
          minmay_fire_ice_demons
D:5:      layout_loops_ring, nicolae_shop_sticking_my_neck_out
D:6:      layout_layer_cave, zin_scriptorium, yredelemnul_altar_generic,
          minmay_between, uniq_sigmund, uniq_crazy_yiuf_cottage
D:7:      kb_forest_paths, layout_rooms, dancing_weapons_uskayaw,
          minmay_temple_entry_from_below_b, kennysheep_nub,
          lightli_church_of_beogh, uniq_joseph

Skill      XL: |  1  2  3  4  5  6  7  8  9 |
---------------+----------------------------+-----
Invocations    | 1 2 3 5 6 7 |  7.4
Short Blades   | 3 4 5 6 |  6.0
Armour         | 1 2 3 4 5 |  5.1
Dodging        | 3 4 5 |  5.9
Fighting       | 3 4 5 6 |  6.1
Throwing       | |  1.7

Action                     |  1- 3 |  4- 6 |  7- 9 || total
---------------------------+-------+-------+-------++-------
  Melee: Rapier            |   104 |   226 |   423 ||   753
         Punch             |     1 |     1 |     4 ||     6
         Kick              |       |    39 |   158 ||   197
  Evoke: Wand              |       |       |    13 ||    13
    Use: Potion            |       |     2 |     9 ||    11
   Stab: Sleeping          |     2 |     6 |     1 ||     9
         Invisible         |       |     2 |     3 ||     5
         Distracted        |       |       |     1 ||     1
 Armour: Leather armour    |    29 |    67 |    79 ||   175
  Dodge: Dodged            |    52 |   240 |   308 ||   600

Table legend: (Time is in decaauts)
 A = Elapsed time spent in this place.
 B = Non-inter-level travel time spent in this place.
 C = Inter-level travel time spent in this place.
 D = Time resting spent in this place.
 E = Time spent auto-exploring this place.
 F = Levels seen in this place.
 G = Mean time per level.
                   A        B        C        D        E       F      G
               +--------+--------+--------+--------+--------+-----+--------+
         Total |  10331 |  10056 |    275 |   1723 |   6834 |   7 | 1475.9 |
       Dungeon |  10331 |  10056 |    275 |   1723 |   6834 |   7 | 1475.9 |
               +--------+--------+--------+--------+--------+-----+--------+

Top non-repeatable levels by time:
     D:6: 2243 daAuts
     D:4: 2068 daAuts
     D:5: 1803 daAuts
     D:3: 1239 daAuts
     D:2: 1166 daAuts
     D:1: 1017 daAuts
     D:7: 792 daAuts
